 Dungeon Crawl Stone Soup version 0.29.0-4-gdea44cf6ec (webtiles) character file.

Game seed: 6962819180732912450

154499 qw the Warrior (level 17, -7/170 HPs)
             Began as a Minotaur Berserker on Sept 4, 2022.
             Was a Priest of Trog.
             Succumbed to an emperor scorpion's poison
             ... on level 3 of the Spider Nest.
             The game lasted 00:11:30 (27987 turns).

qw the Warrior (Minotaur Berserker)                Turns: 27987, Time: 00:11:31

Health: -7/170     AC: 33    Str: 29      XL:     17   Next: 6%
Magic:  1/16       EV: 20    Int:  3 (4)  God:    Trog [***...]
Gold:   2065       SH: 14    Dex: 10 (14) Spells: 16/16 levels left

rFire   . . .      SeeInvis .   q - +2 broad axe (elec)
rCold   + . .      Faith    .   l - +1 kite shield of Lacehoet {Dex+3}
rNeg    . . .      Spirit   .   r - +8 chain mail of Qones {rPois rC+}
rPois   +          Reflect  .   d - +2 hat
rElec   +          Harm     .   b - +1 cloak
rCorr   .          Rampage  .   g - +2 pair of gloves {hurl}
Will    ++...                   t - +2 pair of boots
Stlth   ..........              f - amulet of regeneration
HPRegen 1.18/turn               n - ring of Brawling {rElec Will+ EV+4}
MPRegen 0.15/turn               v - +4 ring of evasion

@: lethally poisoned (-7 -> -41), about to teleport, on berserk cooldown,
slowed, very slow
A: horns 2, retaliatory headbutt
a: Renounce Religion, Berserk, Trog's Hand


You were on level 3 of the Spider Nest.
You worshipped Trog.
Trog was most pleased with you.
You visited 4 branches of the dungeon, and saw 25 of its levels.

You collected 2659 gold pieces.
You spent 594 gold pieces at shops.


Innate Abilities, Weirdness & Mutations

You have a pair of horns on your head.
You reflexively headbutt those who attack you in melee.


   Skills:
 - Level 20.0 Fighting
 - Level 18.0 Axes
 - Level 4.2 Throwing
 - Level 16.0 Armour
 - Level 11.0 Dodging
 + Level 17.2 Shields


You had 16 spell levels left.
You didn't know any spells.
Your spell library was empty.

Inventory:

Hand Weapons
 o - a +2 war axe of flaming
 q - a +2 broad axe of electrocution (weapon)
Armour
 b - a +1 cloak (worn)
 d - a +2 hat (worn)
 g - a +2 pair of gloves of hurling (worn)
 l - the +1 kite shield of Lacehoet (worn) {Dex+3}
   (You acquired it on level 12 of the Dungeon)

   Dex:       It affects your dexterity (+3).
 m - a +1 cloak of poison resistance
 r - the +8 chain mail of Qones (worn) {rPois rC+}
   (You found it on level 1 of the Lair of Beasts)

   rC:        It protects you from cold.
   rPois:     It protects you from poison.
 t - a +2 pair of boots (worn)
 w - a +0 plate armour of fire resistance
Jewellery
 f - an amulet of regeneration (around neck)
 n - the ring of Brawling (left hand) {rElec Will+ EV+4}
   (You found it on level 6 of the Dungeon)

   [ring of evasion]

   EV:        It affects your evasion (+4).
   rElec:     It insulates you from electricity.
   Will:      It increases your willpower.
 p - a ring of protection from fire
 v - a +4 ring of evasion (right hand)
 Y - a ring of protection from fire
Scrolls
 a - 12 scrolls of identify
 k - a scroll of teleportation
Potions
 c - 2 potions of resistance
 e - 3 potions of might
 h - a potion of cancellation
 i - 18 potions of curing
 j - 5 potions of haste
 u - 2 potions of mutation

Dungeon Overview and Level Annotations

Branches:
Dungeon (15/15)            Temple (0/1) D:7            Lair (5/5) D:10
 Shoals (0/4) Lair:2       Spider (3/4) Lair:2        Slime (0/5) Lair:4
    Orc (2/2) D:10            Elf (0/3) Orc:2        Vaults (0/5) D:13
 Depths (0/4) D:15

Altars:
Ashenzari
Gozag
Kikubaaqudgha
Nemelex Xobeh
Okawaru
Trog
Wu Jian
Xom
Yredelemnul
Jiyva
Lugonu

Shops:
D:7 (   D:13 !((   D:15 (   Orc:2 ?:??

Portals:
Abyss: Lair:5

Annotations:
Lair:3 1 runed translucent door, qw's ghost, journeyman MiBe


Message History

You feel extremely sick.
The emperor scorpion closely misses you.
You furiously retaliate!
You headbutt the emperor scorpion, but do no damage.
The emperor scorpion barely misses you.
You block the emperor scorpion's attack.
You barely miss the emperor scorpion. You headbutt the emperor scorpion.
The emperor scorpion is moderately wounded.
You feel very sick. The emperor scorpion stings you!
The emperor scorpion misses you.
The emperor scorpion closely misses you.
The emperor scorpion stings you but does no damage.
The emperor scorpion misses you.
The emperor scorpion claws you but does no damage.
27985 ||| READING 2 scrolls of teleportation.
As you read the scroll of teleportation, it crumbles to dust.
You feel strangely unstable.
You feel very sick. The emperor scorpion stings you.
You are lethally poisoned!
The emperor scorpion poisons you!
You block the emperor scorpion's attack.
The emperor scorpion claws you.
The emperor scorpion completely misses you.
You furiously retaliate!
You headbutt the emperor scorpion, but do no damage.
You block the emperor scorpion's attack.
The emperor scorpion claws you but does no damage.
You hit the emperor scorpion but do no damage.
Lightning courses through the emperor scorpion!
You headbutt the emperor scorpion!!
The emperor scorpion is severely wounded.
You feel extremely sick. The emperor scorpion misses you.
You block the emperor scorpion's attack.
The emperor scorpion completely misses you.
You hit the emperor scorpion but do no damage.
Your headbutt misses the emperor scorpion.
The emperor scorpion is heavily wounded.
You die...

.# ...##. #s ....~ ..
.... ..^ .#... #. ....
.s..##... #... #....~####
..#. ..B #^...#.#.~##..^.
####~####~##.....#.#..#.
##....~.@%%.........#....
#.....##^s##..##....#....
#..^..#..#^.......!...##
#~###.....###.....#......
#.......%%...#.^~#......
#~..#...%....#.##.##..##
#####..#..#.^##~........
....^..##^..~###..^#..
.....####..##....<..#..


You could see an emperor scorpion.

Vanquished Creatures
  Nikola (Spider:2)
  Asterion (Spider:1)
  Gastronok (Lair:1)
  An emperor scorpion (Spider:3)
  3 ghost moths
  An orc warlord (Orc:1)
  3 broodmothers
  2 very ugly things (D:15)
  2 entropy weavers (Spider:2)
  5 spark wasps
  A great orb of eyes (D:15)
  8 vault guards (D:13)
  6 boulder beetles
  Fannar (Lair:1)
  11 hydras
  2 rakshasas
  2 radroaches
  10 two-headed ogres
  3 ogre magi (Orc:2)
  3 catoblepae
  2 centaur warriors
  A tengu warrior (D:11)
  2 death yaks (Lair:4)
  3 thrashing horrors (Lair:5)
  An orc high priest (Orc:1)
  Nergalle (Lair:2)
  Sonja (Lair:2)
  5 skeletal warriors (D:13)
  3 pharaoh ants
  A sun moth (Spider:3)
  An orb spider (Lair:2)
  Pikel (D:4)
  2 lindwurms (Lair:4)
  3 steelbarb worms
  A wizard (D:14)
  2 orc knights
  A deep elf pyromancer (D:15)
  11 wolf spiders
  13 ugly things
  A manticore (D:14)
  A cyclops (shapeshifter) (D:14)
  Maurice (D:13)
  6 cyclopes
  2 orc sorcerers
  A moth of wrath (Spider:2)
  Joseph (D:8)
  A large abomination (Lair:5)
  15 elephants
  2 centaur zombies (D:14)
  9 cane toads
  A merfolk siren (Lair:2)
  2 guardian serpents (shapeshifter) (D:15)
  7 black mambas
  5 torpor snails
  A smoke demon (Lair:5)
  7 komodo dragons
  Maggie (Lair:1)
  A yaktaur (shapeshifter) (D:14)
  An unseen horror (D:12)
  9 demonic crawlers
  An efreet (D:14)
  4 tengu conjurers
  3 trolls
  2 ancient zymes (Lair:5)
  3 merfolk (Lair:2)
  5 meliai (D:15)
  A hornet (D:9)
  A troll (shapeshifter) (D:15)
  14 tarantellas
  A polar bear (Lair:4)
  A tarantella (shapeshifter) (D:13)
  Prince Ribbit (D:5)
  A slime creature (shapeshifter) (D:15)
  18 blink frogs
  13 slime creatures
  13 dream sheep
  Sigmund (D:2)
  13 jumping spiders
  2 shadows
  20 culicivoras
  5 wyverns
  45 yaks
  4 vampires
  A spriggan (Lair:5)
  A yak (shapeshifter) (Lair:5)
  2 ynoxinuls (Lair:5)
  A hog (shapeshifter) (D:15)
  A wraith (D:12)
  30 redbacks
  Grum (D:8)
  A steam dragon (Lair:4)
  9 vampire mosquitoes
  4 basilisks
  7 wargs
  Menkaure (D:7)
  2 chaos spawn (Lair:5)
  3 acid dragons
  12 water moccasins
  A black bear (D:6)
  14 orc warriors
  4 boggarts (D:15)
  25 wolves
  17 ogres
  8 centaurs
  9 small abominations (Lair:5)
  A phantom (D:4)
  3 lemures (D:4)
  Blork the orc (D:5)
  5 bullfrogs
  A kobold brigand (D:8)
  A gnoll sergeant (D:9)
  5 scorpions
  10 wights
  15 killer bees
  3 electric eels
  6 gnoll boudas
  7 hounds
  3 jellies (D:6)
  12 orc priests
  2 iguanas
  Ijyb (D:3)
  18 orc wizards
  4 adders
  30 gnolls
  2 shadow imps
  A white imp (D:8)
  An ufetubus (D:5)
  56 orcs
  5 ball pythons
  10 endoplasms
  6 giant cockroaches
  8 goblins
  5 hobgoblins
  11 jackals
  5 quokkas
  A bat (D:1)
  3 frilled lizards
  15 kobolds
  4 rats
784 creatures vanquished.

Vanquished Creatures (collateral kills)
  A boulder beetle (D:12)
  An ogre mage (Orc:2)
  8 two-headed ogres (Orc:2)
  2 orb spiders
  3 wolf spiders
  An oklob plant (Lair:5)
  A demonic crawler (Spider:2)
  A meliai (D:15)
  A tarantella (Spider:1)
  A culicivora (Spider:2)
  A jumping spider (Spider:1)
  4 redbacks
  12 ogres (Orc:2)
37 creatures vanquished.

Vanquished Creatures (others)
  A culicivora (Spider:2)
  3 redbacks (Spider:2)
  53 fungi
  35 plants
92 creatures vanquished.

Grand Total: 913 creatures vanquished

Notes
Turn   | Place    | Note
-------+----------+-------------------------------------------
     0 | D:1      | qw the Minotaur Berserker began the quest for the Orb.
     0 | D:1      | Reached XP level 1. HP: 19/19 MP: 0/0
     0 | D:1      | 0 ||| qw: Version: 0.1-a-103-gd6f5d3a
     0 | D:1      | 0 ||| qw: Game counter: 5511
     0 | D:1      | 0 ||| qw: Always use a shield: true
     0 | D:1      | 0 ||| qw: Do Orc after D:15 true
     0 | D:1      | 0 ||| qw: Do second Lair branch before Depths: true
     0 | D:1      | 0 ||| qw: Lair rune preference: random
     0 | D:1      | 0 ||| qw: Plans: Normal
     0 | D:1      | 0 ||| PLANNING D:1-11
    69 | D:1      | 69 ||| Stepping ~*~*~tactically~*~*~ (stealth).
    78 | D:1      | 78 ||| Stepping ~*~*~tactically~*~*~ (stealth).
    79 | D:1      | 79 ||| Stepping ~*~*~tactically~*~*~ (stealth).
    80 | D:1      | 80 ||| Stepping ~*~*~tactically~*~*~ (stealth).
    83 | D:1      | 83 ||| Stepping ~*~*~tactically~*~*~ (stealth).
   251 | D:1      | Reached XP level 2. HP: 26/26 MP: 1/1
   334 | D:1      | Found a faded altar of an unknown god.
   869 | D:1      | 869 ||| UPGRADING to +0 ring mail.
   879 | D:1      | 879 ||| DROPPING +0 animal skin.
   880 | D:1      | 880 ||| READING 2 scrolls labelled XOAFFU HA VOZO.
   881 | D:1      | 881 ||| READING 2 scrolls labelled XEID VILUFUJO.
   882 | D:1      | 882 ||| READING scroll labelled ENKOTT BY UKLIMM.
   883 | D:1      | 883 ||| READING scroll labelled TUIGHOM KIKIPA.
   884 | D:1      | 884 ||| DROPPING scroll of noise.
   885 | D:1      | 885 ||| DROPPING scroll of fear.
  1055 | D:2      | Reached ** piety under Trog
  1056 | D:2      | Reached XP level 3. HP: 31/31 MP: 2/2
  1059 | D:2      | 1059 ||| Stepping ~*~*~tactically~*~*~ (stealth).
  1066 | D:2      | 1066 ||| Stepping ~*~*~tactically~*~*~ (stealth).
  1562 | D:2      | Noticed Sigmund
  1565 | D:2      | 1565 ||| INVOKING Berserk.
  1570 | D:2      | Killed Sigmund
  1571 | D:2      | Reached XP level 4. HP: 39/39 MP: 3/3
  1571 | D:2      | Reached XP level 5. HP: 45/45 MP: 4/4
  1676 | D:2      | 1676 ||| UPGRADING to +0 cloak.
  1681 | D:2      | 1681 ||| UPGRADING to +1 pair of gloves.
  1686 | D:2      | 1686 ||| DROPPING +0 robe of the Archmagi.
  1687 | D:2      | 1687 ||| READING 2 scrolls labelled UNITOICWAR.
  1688 | D:2      | 1688 ||| READING scroll labelled DOS VIFOZEHO.
  1843 | D:3      | Noticed Ijyb
  1846 | D:3      | 1846 ||| INVOKING Berserk.
  1856 | D:3      | Killed Ijyb
  1857 | D:3      | Reached skill level 4 in Fighting
  1896 | D:3      | 1896 ||| Stepping ~*~*~tactically~*~*~ (stealth).
  1957 | D:3      | 1957 ||| Stepping ~*~*~tactically~*~*~ (stealth).
  1959 | D:3      | 1959 ||| Stepping ~*~*~tactically~*~*~ (stealth).
  1996 | D:3      | Reached XP level 6. HP: 52/52 MP: 5/5
  2012 | D:3      | 2012 ||| SWAPPING to +1 hand axe of electrocution.
  2013 | D:3      | 2013 ||| DROPPING +0 hand axe.
  2339 | D:3      | 2339 ||| UPGRADING to +0 scale mail.
  2349 | D:3      | 2349 ||| DROPPING +0 ring mail.
  2350 | D:3      | 2350 ||| READING scroll labelled UTTORU JIECLO.
  2355 | D:3      | 2355 ||| READING scroll labelled SIECVOATTO.
  2356 | D:3      | 2356 ||| READING scroll labelled XEFAASCHINTYRCH.
  2357 | D:3      | 2357 ||| DRINKING 2 fizzy ruby potions.
  2358 | D:3      | 2358 ||| DRINKING 2 ruby potions.
  2359 | D:3      | 2359 ||| READING 2 scrolls of identify.
  2359 | D:3      | 2359 ||| IDENTIFYING green potion
  2360 | D:3      | 2360 ||| DROPPING potion of flight.
  2361 | D:3      | 2361 ||| DROPPING potion of brilliance.
  2362 | D:3      | 2362 ||| Stepping randomly (stuck).
  2363 | D:3      | 2363 ||| Stepping ~*~*~tactically~*~*~ (cloud).
  2543 | D:4      | 2543 ||| STAIRDANCE
  2574 | D:4      | 2574 ||| Stepping ~*~*~tactically~*~*~ (hiding).
  2576 | D:4      | 2576 ||| Stepping ~*~*~tactically~*~*~ (hiding).
  2578 | D:4      | 2578 ||| INVOKING Berserk.
  2594 | D:4      | 2594 ||| FLEEEEING.
  2595 | D:4      | 2595 ||| FLEEEEING.
  2596 | D:4      | 2596 ||| FLEEEEING.
  2597 | D:4      | 2597 ||| FLEEEEING.
  2598 | D:4      | 2598 ||| FLEEEEING.
  2599 | D:4      | 2599 ||| STAIRDANCE
  2715 | D:4      | 2715 ||| INVOKING Berserk.
  2769 | D:4      | 2769 ||| Stepping ~*~*~tactically~*~*~ (stealth).
  2770 | D:4      | 2770 ||| Stepping ~*~*~tactically~*~*~ (stealth).
  2772 | D:4      | 2772 ||| Stepping ~*~*~tactically~*~*~ (hiding).
  2777 | D:4      | 2777 ||| INVOKING Berserk.
  2906 | D:4      | 2906 ||| INVOKING Berserk.
  3193 | D:4      | 3193 ||| INVOKING Berserk.
  3257 | D:4      | 3257 ||| READING scroll of brand weapon.
  3257 | D:4      | 3257 ||| BRANDING +1 hand axe of freezing.
  3294 | D:4      | 3294 ||| INVOKING Berserk.
  3300 | D:4      | Reached skill level 9 in Axes
  3535 | D:4      | You fall into a shaft and drop 1 floor!
  3535 | D:5      | Entered Level 5 of the Dungeon
  3561 | D:5      | Reached XP level 7. HP: 53/60 MP: 6/6
  3619 | D:5      | Reached skill level 5 in Fighting
  3709 | D:5      | 3709 ||| INVOKING Berserk.
  3767 | D:5      | Found a broken altar of Ashenzari.
  3790 | D:5      | 3790 ||| Stepping ~*~*~tactically~*~*~ (hiding).
  3792 | D:5      | 3792 ||| Stepping ~*~*~tactically~*~*~ (hiding).
  3793 | D:5      | 3793 ||| Stepping ~*~*~tactically~*~*~ (hiding).
  3794 | D:5      | 3794 ||| Stepping ~*~*~tactically~*~*~ (hiding).
  3795 | D:5      | 3795 ||| Stepping ~*~*~tactically~*~*~ (hiding).
  3940 | D:5      | Noticed Blork the orc
  3940 | D:5      | Noticed Prince Ribbit
  3941 | D:5      | 3941 ||| Stepping ~*~*~tactically~*~*~ (hiding).
  3942 | D:5      | 3942 ||| Stepping ~*~*~tactically~*~*~ (hiding).
  3943 | D:5      | 3943 ||| Stepping ~*~*~tactically~*~*~ (hiding).
  3947 | D:5      | 3947 ||| INVOKING Berserk.
  3950 | D:5      | Killed Blork the orc
  3951 | D:5      | Reached skill level 3 in Armour
  3953 | D:5      | Killed Prince Ribbit
  3954 | D:5      | Reached skill level 6 in Fighting
  3954 | D:5      | Reached XP level 8. HP: 71/71 MP: 7/7
  4016 | D:5      | 4016 ||| DROPPING +0 whip.
  4022 | D:5      | 4022 ||| UPGRADING to +0 fire dragon scales.
  4032 | D:5      | 4032 ||| DROPPING +0 scale mail.
  4033 | D:5      | 4033 ||| UPGRADING to ring of protection from fire.
  4034 | D:5      | 4034 ||| UPGRADING to +0 chain mail.
  4044 | D:5      | 4044 ||| DROPPING ring of magical power.
  4045 | D:5      | 4045 ||| READING scroll labelled HIEPOA LYABB.
  4046 | D:5      | 4046 ||| READING 3 scrolls of identify.
  4046 | D:5      | 4046 ||| IDENTIFYING bubbling amethyst potion
  4047 | D:5      | 4047 ||| DROPPING potion of ambrosia.
  4136 | D:4      | 4136 ||| SWAPPING to +0 war axe.
  4137 | D:4      | 4137 ||| DROPPING +1 hand axe of protection.
  4269 | D:4      | Found a sparkling altar of Nemelex Xobeh.
  4270 | D:4      | Found a bloodstained altar of Trog.
  4431 | D:4      | Reached *** piety under Trog
  4495 | D:4      | Found an ornate altar of the Wu Jian Council.
  4496 | D:4      | 4496 ||| Stepping ~*~*~tactically~*~*~ (stealth).
  4498 | D:4      | 4498 ||| Stepping ~*~*~tactically~*~*~ (stealth).
  4502 | D:4      | 4502 ||| Stepping ~*~*~tactically~*~*~ (stealth).
  4540 | D:4      | 4540 ||| Stepping ~*~*~tactically~*~*~ (stealth).
  4543 | D:4      | Noticed Pikel
  4546 | D:4      | 4546 ||| INVOKING Berserk.
  4552 | D:4      | Killed Pikel
  4760 | D:4      | 4760 ||| UPGRADING to +2 pair of gloves of hurling.
  4770 | D:4      | 4770 ||| DROPPING +1 pair of gloves.
  4771 | D:4      | 4771 ||| UPGRADING to amulet of regeneration.
  4776 | D:4      | 4776 ||| UPGRADING to ring of protection from cold.
  4816 | D:5      | Reached skill level 12 in Axes
  4821 | D:5      | 4821 ||| Stepping ~*~*~tactically~*~*~ (stealth).
  4864 | D:5      | 4864 ||| Stepping ~*~*~tactically~*~*~ (hiding).
  4866 | D:5      | 4866 ||| Stepping ~*~*~tactically~*~*~ (hiding).
  4886 | D:5      | 4886 ||| Stepping ~*~*~tactically~*~*~ (hiding).
  4893 | D:5      | 4893 ||| INVOKING Berserk.
  4899 | D:5      | Reached skill level 7 in Fighting
  5008 | D:5      | 5008 ||| Stepping ~*~*~tactically~*~*~ (stealth).
  5010 | D:5      | 5010 ||| Stepping ~*~*~tactically~*~*~ (stealth).
  5022 | D:5      | 5022 ||| DROPPING +0 flail.
  5097 | D:5      | 5097 ||| Stepping ~*~*~tactically~*~*~ (stealth).
  5099 | D:5      | 5099 ||| Stepping ~*~*~tactically~*~*~ (stealth).
  5256 | D:6      | 5256 ||| PLANNING SEWER
  5397 | D:6      | 5397 ||| INVOKING Berserk.
  5543 | D:6      | 5543 ||| INVOKING Berserk.
  5572 | D:6      | Reached XP level 9. HP: 73/79 MP: 8/8
  5661 | D:6      | 5661 ||| INVOKING Berserk.
  5898 | D:6      | 5898 ||| RIP SEWER
  5929 | D:6      | 5929 ||| PLANNING D:1-11
  5991 | D:6      | Identified the ring of Brawling {rElec Will+ EV+4}
  6092 | D:6      | Noticed a two-headed ogre
  6094 | D:6      | 6094 ||| INVOKING Berserk.
  6101 | D:6      | Killed a two-headed ogre
  6238 | D:6      | 6238 ||| INVOKING Berserk.
  6387 | D:6      | 6387 ||| UPGRADING to ring of Brawling {rElec Will+ EV+4}.
  6389 | D:6      | 6389 ||| UPGRADING to +0 fire dragon scales.
  6439 | D:7      | Found a staircase to the Ecumenical Temple.
  6495 | D:7      | Noticed Menkaure
  6496 | D:7      | 6496 ||| Stepping ~*~*~tactically~*~*~ (hiding).
  6498 | D:7      | 6498 ||| Stepping ~*~*~tactically~*~*~ (hiding).
  6501 | D:7      | 6501 ||| INVOKING Berserk.
  6504 | D:7      | Killed Menkaure
  6505 | D:7      | Reached skill level 1 in Throwing
  6519 | D:7      | Reached skill level 3 in Dodging
  6521 | D:7      | HP: 18/79 [poisoned by a killer bee]
  6522 | D:7      | 6522 ||| READING 5 scrolls of teleportation.
  6522 | D:7      | HP: 7/79 [killer bee (2)]
  6523 | D:7      | 6523 ||| DRINKING 2 potions of heal wounds.
  6628 | D:7      | Reached skill level 8 in Fighting
  6651 | D:7      | Found Wicw's Weapon Boutique.
  6661 | D:7      | 6661 ||| SHOPLISTING +7 eveningstar "Noyskec" {elec, rPois
                  | SInv} (1142 gold, have 468).
  6733 | D:7      | 6733 ||| Stepping ~*~*~tactically~*~*~ (stealth).
  6819 | D:7      | 6819 ||| Stepping ~*~*~tactically~*~*~ (stealth).
  6821 | D:7      | 6821 ||| Stepping ~*~*~tactically~*~*~ (hiding).
  6824 | D:7      | 6824 ||| Stepping ~*~*~tactically~*~*~ (hiding).
  7143 | D:7      | 7143 ||| Stepping ~*~*~tactically~*~*~ (hiding).
  7148 | D:7      | Reached **** piety under Trog
  7272 | D:7      | Found an ancient bone altar of Kikubaaqudgha.
  7349 | D:7      | 7349 ||| INVOKING Berserk.
  7611 | D:7      | 7611 ||| DROPPING +0 chain mail.
  7612 | D:7      | 7612 ||| UPGRADING to +0 plate armour.
  7622 | D:7      | 7622 ||| READING scroll labelled ZUIHOQ LURENLY.
  7723 | D:7      | 7723 ||| READING scroll labelled ASUAVE ONATWAL.
  7747 | D:7      | 7747 ||| Stepping ~*~*~tactically~*~*~ (stealth).
  7749 | D:7      | 7749 ||| Stepping ~*~*~tactically~*~*~ (stealth).
  7750 | D:7      | 7750 ||| Stepping ~*~*~tactically~*~*~ (stealth).
  7793 | D:8      | Reached XP level 10. HP: 70/88 MP: 9/9
  7812 | D:8      | Reached skill level 6 in Armour
  7833 | D:8      | 7833 ||| DROPPING +1 vampiric whip.
  7917 | D:8      | Noticed Joseph
  7927 | D:8      | Killed Joseph
  8078 | D:8      | 8078 ||| Stepping ~*~*~tactically~*~*~ (hiding).
  8375 | D:8      | 8375 ||| Stepping ~*~*~tactically~*~*~ (hiding).
  8539 | D:8      | Noticed Grum
  8545 | D:8      | 8545 ||| INVOKING Berserk.
  8551 | D:8      | Killed Grum
  8552 | D:8      | Reached skill level 15 in Axes
  8596 | D:8      | 8596 ||| Stepping ~*~*~tactically~*~*~ (stealth).
  8597 | D:8      | 8597 ||| Stepping ~*~*~tactically~*~*~ (stealth).
  8709 | D:8      | 8709 ||| Stepping ~*~*~tactically~*~*~ (hiding).
  8751 | D:8      | 8751 ||| READING scroll of enchant armour.
  8751 | D:8      | 8751 ||| ENCHANTING +0 cloak.
  8848 | D:8      | 8848 ||| DROPPING ring of fire.
  8849 | D:8      | 8849 ||| READING scroll labelled RAEGEHU PO GODE.
  8850 | D:8      | 8850 ||| READING 5 scrolls of identify.
  8850 | D:8      | 8850 ||| IDENTIFYING black potion
  8851 | D:8      | 8851 ||| READING 4 scrolls of identify.
  8851 | D:8      | 8851 ||| IDENTIFYING purple potion
  8852 | D:8      | 8852 ||| DROPPING potion of degeneration.
  8853 | D:8      | 8853 ||| DROPPING potion of magic.
  8971 | D:9      | Reached skill level 9 in Fighting
  9027 | D:9      | 9027 ||| FLEEEEING.
  9028 | D:9      | 9028 ||| FLEEEEING.
  9048 | D:9      | 9048 ||| Stepping ~*~*~tactically~*~*~ (stealth).
  9049 | D:9      | 9049 ||| Stepping ~*~*~tactically~*~*~ (stealth).
  9053 | D:9      | 9053 ||| Stepping ~*~*~tactically~*~*~ (stealth).
  9055 | D:9      | 9055 ||| Stepping ~*~*~tactically~*~*~ (stealth).
  9057 | D:9      | 9057 ||| Stepping ~*~*~tactically~*~*~ (stealth).
  9060 | D:9      | 9060 ||| Stepping ~*~*~tactically~*~*~ (hiding).
  9062 | D:9      | 9062 ||| Stepping ~*~*~tactically~*~*~ (hiding).
  9081 | D:9      | 9081 ||| Stepping ~*~*~tactically~*~*~ (stealth).
  9082 | D:9      | 9082 ||| Stepping ~*~*~tactically~*~*~ (stealth).
  9084 | D:9      | 9084 ||| Stepping ~*~*~tactically~*~*~ (stealth).
  9092 | D:9      | 9092 ||| Stepping ~*~*~tactically~*~*~ (stealth).
  9169 | D:9      | 9169 ||| Stepping ~*~*~tactically~*~*~ (stealth).
  9311 | D:9      | Found an opulent altar of Gozag.
  9348 | D:9      | 9348 ||| Stepping ~*~*~tactically~*~*~ (stealth).
  9374 | D:9      | 9374 ||| Stepping ~*~*~tactically~*~*~ (stealth).
  9376 | D:9      | 9376 ||| Stepping ~*~*~tactically~*~*~ (stealth).
  9377 | D:9      | 9377 ||| Stepping ~*~*~tactically~*~*~ (stealth).
  9385 | D:9      | 9385 ||| Stepping ~*~*~tactically~*~*~ (stealth).
  9389 | D:9      | 9389 ||| Stepping ~*~*~tactically~*~*~ (stealth).
  9390 | D:9      | 9390 ||| Stepping ~*~*~tactically~*~*~ (stealth).
  9452 | D:9      | 9452 ||| READING scroll labelled FOGUGGUSE.
  9453 | D:9      | 9453 ||| READING 5 scrolls of identify.
  9453 | D:9      | 9453 ||| IDENTIFYING glowing red potion
  9475 | D:10     | Entered Level 10 of the Dungeon
  9561 | D:10     | Found a staircase to the Lair.
  9573 | D:10     | 9573 ||| INVOKING Berserk.
  9754 | D:10     | Reached skill level 10 in Fighting
  9764 | D:10     | 9764 ||| Stepping ~*~*~tactically~*~*~ (stealth).
  9765 | D:10     | 9765 ||| Stepping ~*~*~tactically~*~*~ (stealth).
  9766 | D:10     | 9766 ||| Stepping ~*~*~tactically~*~*~ (stealth).
  9768 | D:10     | 9768 ||| Stepping ~*~*~tactically~*~*~ (stealth).
  9772 | D:10     | Reached XP level 11. HP: 99/99 MP: 10/10
  9795 | D:10     | Noticed a two-headed ogre
  9800 | D:10     | 9800 ||| INVOKING Berserk.
  9802 | D:10     | Killed a two-headed ogre
  9803 | D:10     | Reached skill level 9 in Armour
  9920 | D:10     | Noticed a two-headed ogre
  9921 | D:10     | 9921 ||| Stepping ~*~*~tactically~*~*~ (stealth).
  9924 | D:10     | 9924 ||| INVOKING Berserk.
  9927 | D:10     | Killed a two-headed ogre
  9928 | D:10     | Reached skill level 3 in Throwing
 10053 | D:10     | 10053 ||| READING scroll of enchant weapon.
 10053 | D:10     | 10053 ||| ENCHANTING +1 war axe.
 10137 | D:10     | Found a staircase to the Orcish Mines.
 10323 | D:10     | 10323 ||| INVOKING Berserk.
 10640 | D:10     | 10640 ||| PLANNING LAIR
 10711 | Lair:1   | Entered Level 1 of the Lair of Beasts
 10712 | Lair:1   | 10712 ||| INVOKING Berserk.
 10845 | Lair:1   | Reached skill level 11 in Fighting
 11129 | Lair:1   | Noticed a boulder beetle
 11134 | Lair:1   | 11134 ||| INVOKING Berserk.
 11143 | Lair:1   | Killed a boulder beetle
 11361 | Lair:1   | Identified the +8 chain mail of Qones {rPois rC+}
 11401 | Lair:1   | 11401 ||| INVOKING Berserk.
 11626 | Lair:1   | Noticed Fannar
 11627 | Lair:1   | 11627 ||| Stepping ~*~*~tactically~*~*~ (hiding).
 11645 | Lair:1   | Killed Fannar
 11646 | Lair:1   | Reached skill level 12 in Fighting
 11744 | Lair:1   | Noticed Maggie
 11752 | Lair:1   | Killed Maggie
 11773 | Lair:1   | 11773 ||| INVOKING Berserk.
 11775 | Lair:1   | Reached XP level 12. HP: 80/113 MP: 11/11
 11825 | Lair:1   | 11825 ||| SWAPPING to +1 war axe of flaming.
 11826 | Lair:1   | 11826 ||| DROPPING +0 morningstar.
 11827 | Lair:1   | 11827 ||| DROPPING +2 war axe.
 11838 | Lair:1   | 11838 ||| Stepping ~*~*~tactically~*~*~ (stealth).
 11840 | Lair:1   | 11840 ||| Stepping ~*~*~tactically~*~*~ (stealth).
 11846 | Lair:1   | Noticed Gastronok
 11847 | Lair:1   | 11847 ||| Stepping ~*~*~tactically~*~*~ (hiding).
 11857 | Lair:1   | 11857 ||| INVOKING Berserk.
 11862 | Lair:1   | Killed Gastronok
 11863 | Lair:1   | Reached skill level 6 in Dodging
 12006 | Lair:1   | 12006 ||| INVOKING Berserk.
 12271 | Lair:1   | 12271 ||| UPGRADING to +2 hat.
 12276 | Lair:1   | 12276 ||| UPGRADING to +8 chain mail of Qones {rPois rC+}.
 12286 | Lair:1   | 12286 ||| DROPPING +0 plate armour.
 12287 | Lair:1   | 12287 ||| UPGRADING to ring of protection from fire.
 12289 | Lair:1   | 12289 ||| READING 7 scrolls of identify.
 12289 | Lair:1   | 12289 ||| IDENTIFYING metallic white potion
 12317 | Lair:2   | Reached skill level 13 in Fighting
 12327 | Lair:2   | 12327 ||| Stepping ~*~*~tactically~*~*~ (hiding).
 12328 | Lair:2   | 12328 ||| Stepping ~*~*~tactically~*~*~ (hiding).
 12432 | Lair:2   | 12432 ||| INVOKING Berserk.
 12596 | Lair:2   | 12596 ||| Stepping ~*~*~tactically~*~*~ (stealth).
 12605 | Lair:2   | Reached skill level 14 in Fighting
 12607 | Lair:2   | 12607 ||| Stepping ~*~*~tactically~*~*~ (stealth).
 12621 | Lair:2   | 12621 ||| Stepping ~*~*~tactically~*~*~ (hiding).
 12792 | Lair:2   | Found a staircase to the Shoals.
 12794 | Lair:2   | 12794 ||| Stepping ~*~*~tactically~*~*~ (hiding).
 12869 | Lair:2   | Noticed Sonja
 12883 | Lair:2   | 12883 ||| Stepping ~*~*~tactically~*~*~ (water).
 12889 | Lair:2   | Reached skill level 15 in Fighting
 12891 | Lair:2   | Killed Sonja
 12904 | Lair:2   | 12904 ||| FLEEEEING.
 12906 | Lair:2   | 12906 ||| Stepping ~*~*~tactically~*~*~ (stealth).
 13049 | Lair:2   | Found a hole to the Spider Nest.
 13050 | Lair:2   | 13050 ||| INVOKING Brothers in Arms.
 13051 | Lair:2   | 13051 ||| INVOKING Brothers in Arms.
 13052 | Lair:2   | 13052 ||| READING 6 scrolls of identify.
 13052 | Lair:2   | 13052 ||| IDENTIFYING sedimented sapphire potion
 13356 | Lair:2   | Noticed Nergalle
 13357 | Lair:2   | 13357 ||| INVOKING Berserk.
 13361 | Lair:2   | Killed Nergalle
 13470 | Lair:2   | 13470 ||| READING scroll labelled ZYL DABRUCHYI.
 13471 | Lair:2   | 13471 ||| READING 5 scrolls of identify.
 13471 | Lair:2   | 13471 ||| IDENTIFYING lumpy silvery potion
 13472 | Lair:2   | 13472 ||| DROPPING potion of attraction.
 13473 | Lair:2   | 13473 ||| DROPPING potion of lignification.
 13500 | Lair:3   | Reached skill level 12 in Armour
 13532 | Lair:3   | Noticed an eight-headed hydra
 13533 | Lair:3   | 13533 ||| FLEEEEING.
 13534 | Lair:3   | 13534 ||| FLEEEEING.
 13535 | Lair:3   | 13535 ||| FLEEEEING.
 13541 | Lair:3   | 13541 ||| INVOKING Berserk.
 13546 | Lair:3   | Killed a four-headed hydra
 13673 | Lair:3   | Found a runed translucent door.
 13820 | Lair:3   | 13820 ||| INVOKING Berserk.
 14044 | Lair:3   | Noticed qw's ghost (journeyman MiBe)
 14045 | Lair:3   | Noticed an eight-headed hydra
 14318 | Lair:3   | 14318 ||| Stepping ~*~*~tactically~*~*~ (stealth).
 14333 | Lair:3   | Reached XP level 13. HP: 127/128 MP: 12/12
 14516 | Lair:3   | 14516 ||| READING 6 scrolls of teleportation.
 14626 | Lair:4   | 14626 ||| INVOKING Berserk.
 14769 | Lair:4   | Reached skill level 16 in Fighting
 14808 | Lair:4   | 14808 ||| Stepping ~*~*~tactically~*~*~ (stealth).
 14809 | Lair:4   | 14809 ||| INVOKING Berserk.
 14891 | Lair:4   | Found a dark tunnel.
 14974 | Lair:4   | 14974 ||| Stepping ~*~*~tactically~*~*~ (stealth).
 14979 | Lair:4   | 14979 ||| Stepping ~*~*~tactically~*~*~ (hiding).
 14983 | Lair:4   | 14983 ||| INVOKING Berserk.
 15046 | Lair:4   | 15046 ||| Stepping ~*~*~tactically~*~*~ (stealth).
 15048 | Lair:4   | 15048 ||| Stepping ~*~*~tactically~*~*~ (stealth).
 15146 | Lair:4   | 15146 ||| Stepping ~*~*~tactically~*~*~ (stealth).
 15148 | Lair:4   | 15148 ||| Stepping ~*~*~tactically~*~*~ (stealth).
 15149 | Lair:4   | 15149 ||| Stepping ~*~*~tactically~*~*~ (stealth).
 15151 | Lair:4   | 15151 ||| Stepping ~*~*~tactically~*~*~ (stealth).
 15153 | Lair:4   | 15153 ||| Stepping ~*~*~tactically~*~*~ (stealth).
 15157 | Lair:4   | 15157 ||| Stepping ~*~*~tactically~*~*~ (stealth).
 15167 | Lair:4   | Reached skill level 17 in Fighting
 15173 | Lair:4   | Found a staircase to the Slime Pits.
 15173 | Lair:4   | Found a viscous altar of Jiyva.
 15195 | Lair:4   | 15195 ||| INVOKING Berserk.
 15343 | Lair:4   | 15343 ||| Stepping ~*~*~tactically~*~*~ (hiding).
 15345 | Lair:4   | 15345 ||| INVOKING Berserk.
 15478 | Lair:4   | 15478 ||| INVOKING Berserk.
 15707 | Lair:4   | 15707 ||| INVOKING Berserk.
 15970 | Lair:4   | 15970 ||| Stepping ~*~*~tactically~*~*~ (stealth).
 16050 | Lair:5   | Entered Level 5 of the Lair of Beasts
 16051 | Lair:5   | 16051 ||| STAIRDANCE
 16063 | Lair:5   | 16063 ||| STAIRDANCE
 16078 | Lair:5   | 16078 ||| STAIRDANCE
 16080 | Lair:4   | 16080 ||| INVOKING Berserk.
 16120 | Lair:4   | 16120 ||| Stepping ~*~*~tactically~*~*~ (stealth).
 16128 | Lair:5   | 16128 ||| STAIRDANCE
 16143 | Lair:5   | 16143 ||| STAIRDANCE
 16164 | Lair:5   | 16164 ||| INVOKING Berserk.
 16169 | Lair:5   | Reached skill level 18 in Fighting
 16178 | Lair:5   | 16178 ||| FLEEEEING.
 16179 | Lair:5   | 16179 ||| STAIRDANCE
 16291 | Lair:5   | 16291 ||| STAIRDANCE
 16377 | Lair:5   | 16377 ||| INVOKING Berserk.
 16589 | Lair:5   | 16589 ||| Stepping ~*~*~tactically~*~*~ (stealth).
 16594 | Lair:5   | 16594 ||| INVOKING Berserk.
 16607 | Lair:5   | 16607 ||| Stepping ~*~*~tactically~*~*~ (hiding).
 16666 | Lair:5   | 16666 ||| Stepping ~*~*~tactically~*~*~ (stealth).
 16671 | Lair:5   | 16671 ||| INVOKING Berserk.
 16838 | Lair:5   | Reached XP level 14. HP: 135/143 MP: 13/13
 16849 | Lair:5   | Reached skill level 9 in Dodging
 16932 | Lair:5   | Found a corrupted altar of Lugonu.
 16932 | Lair:5   | Found a one-way gate to the infinite horrors of the Abyss.
 16995 | Lair:5   | 16995 ||| Stepping ~*~*~tactically~*~*~ (stealth).
 16997 | Lair:5   | 16997 ||| Stepping ~*~*~tactically~*~*~ (stealth).
 17004 | Lair:5   | 17004 ||| Stepping ~*~*~tactically~*~*~ (stealth).
 17039 | Lair:5   | 17039 ||| Stepping ~*~*~tactically~*~*~ (stealth).
 17041 | Lair:5   | 17041 ||| Stepping ~*~*~tactically~*~*~ (hiding).
 17102 | Lair:5   | 17102 ||| Stepping ~*~*~tactically~*~*~ (stealth).
 17119 | Lair:5   | Reached ***** piety under Trog
 17429 | Lair:5   | Found an ancient bone altar of Kikubaaqudgha.
 17431 | Lair:5   | 17431 ||| INVOKING Brothers in Arms.
 17432 | Lair:5   | 17432 ||| INVOKING Brothers in Arms.
 17436 | Lair:5   | 17436 ||| INVOKING Berserk.
 17439 | Lair:5   | Reached skill level 19 in Fighting
 17559 | Lair:5   | 17559 ||| INVOKING Berserk.
 17674 | Lair:5   | 17674 ||| Stepping ~*~*~tactically~*~*~ (stealth).
 17676 | Lair:5   | 17676 ||| Stepping ~*~*~tactically~*~*~ (stealth).
 17714 | Lair:5   | 17714 ||| Stepping ~*~*~tactically~*~*~ (stealth).
 17815 | Lair:5   | 17815 ||| Stepping ~*~*~tactically~*~*~ (stealth).
 17982 | Lair:5   | 17982 ||| PLANNING D:1-11
 18142 | D:11     | 18142 ||| PLANNING GAUNTLET
 18163 | D:11     | 18163 ||| Stepping ~*~*~tactically~*~*~ (stealth).
 18265 | D:11     | 18265 ||| FLEEEEING.
 18602 | D:11     | 18602 ||| RIP GAUNTLET
 18607 | D:11     | 18607 ||| PLANNING D:1-11
 18616 | D:11     | Reached skill level 15 in Armour
 18672 | D:11     | 18672 ||| Stepping ~*~*~tactically~*~*~ (stealth).
 18674 | D:11     | 18674 ||| Stepping ~*~*~tactically~*~*~ (hiding).
 18902 | D:11     | 18902 ||| INVOKING Berserk.
 19118 | D:11     | 19118 ||| PLANNING D
 19118 | D:11     | 19118 ||| UPGRADING to +0 kite shield.
 19167 | D:12     | 19167 ||| Stepping randomly (disturbance).
 19168 | D:12     | 19168 ||| Stepping randomly (disturbance).
 19180 | D:12     | Reached skill level 1 in Shields
 19204 | D:12     | 19204 ||| READING scroll of enchant weapon.
 19204 | D:12     | 19204 ||| ENCHANTING +1 war axe of flaming.
 19224 | D:12     | 19224 ||| Stepping ~*~*~tactically~*~*~ (stealth).
 19225 | D:12     | 19225 ||| Stepping ~*~*~tactically~*~*~ (stealth).
 19253 | D:12     | 19253 ||| INVOKING Berserk.
 19403 | D:12     | 19403 ||| INVOKING Brothers in Arms.
 19404 | D:12     | 19404 ||| INVOKING Brothers in Arms.
 19406 | D:12     | 19406 ||| INVOKING Berserk.
 19415 | D:12     | Reached skill level 3 in Shields
 19698 | D:12     | 19698 ||| INVOKING Berserk.
 19986 | D:12     | 19986 ||| Stepping ~*~*~tactically~*~*~ (stealth).
 19991 | D:12     | 19991 ||| INVOKING Berserk.
 20160 | D:12     | Identified the ring of Dularilo {MP+9 Dex+3}
 20278 | D:12     | 20278 ||| UPGRADING to +0 pair of boots.
 20283 | D:12     | 20283 ||| DROPPING ring of Dularilo {MP+9 Dex+3}.
 20284 | D:12     | 20284 ||| READING 3 scrolls labelled PIDIOS XEAHUR.
 20284 | D:12     | Identified 3 scrolls of acquirement
 20284 | D:12     | 20284 ||| ACQUIRING +4 ring of evasion
 20284 | D:12     | Acquired a +4 ring of evasion
 20286 | D:12     | 20286 ||| DROPPING +6 ring of dexterity.
 20287 | D:12     | 20287 ||| READING 2 scrolls of acquirement.
 20287 | D:12     | 20287 ||| ACQUIRING +1 kite shield of Lacehoet {Dex+3}
 20287 | D:12     | Acquired the +1 kite shield of Lacehoet {Dex+3}
 20289 | D:12     | 20289 ||| UPGRADING to +1 kite shield of Lacehoet {Dex+3}.
 20299 | D:12     | 20299 ||| DROPPING +0 kite shield.
 20300 | D:12     | 20300 ||| READING scroll of acquirement.
 20300 | D:12     | 20300 ||| ACQUIRING +2 broad axe of electrocution
 20300 | D:12     | Acquired a +2 broad axe of electrocution
 20302 | D:12     | 20302 ||| SWAPPING to +2 broad axe of electrocution.
 20303 | D:12     | 20303 ||| DROPPING ring of protection from cold.
 20304 | D:12     | 20304 ||| UPGRADING to +4 ring of evasion.
 20326 | D:13     | Noticed Maurice
 20331 | D:13     | Killed Maurice
 20455 | D:13     | 20455 ||| Stepping ~*~*~tactically~*~*~ (hiding).
 20468 | D:13     | 20468 ||| INVOKING Berserk.
 20470 | D:13     | Reached skill level 6 in Shields
 20501 | D:13     | 20501 ||| Stepping ~*~*~tactically~*~*~ (stealth).
 20501 | D:13     | Found a gate to the Vaults.
 20503 | D:13     | 20503 ||| Stepping ~*~*~tactically~*~*~ (stealth).
 20504 | D:13     | 20504 ||| Stepping ~*~*~tactically~*~*~ (stealth).
 20645 | D:13     | 20645 ||| Stepping ~*~*~tactically~*~*~ (hiding).
 20768 | D:13     | 20768 ||| Stepping ~*~*~tactically~*~*~ (hiding).
 20769 | D:13     | 20769 ||| Stepping ~*~*~tactically~*~*~ (hiding).
 20892 | D:13     | 20892 ||| Stepping ~*~*~tactically~*~*~ (stealth).
 20898 | D:13     | 20898 ||| Stepping ~*~*~tactically~*~*~ (stealth).
 20902 | D:13     | 20902 ||| INVOKING Berserk.
 20919 | D:13     | Reached skill level 9 in Shields
 21140 | D:13     | 21140 ||| INVOKING Berserk.
 21261 | D:13     | 21261 ||| INVOKING Berserk.
 21377 | D:13     | 21377 ||| INVOKING Berserk.
 21543 | D:13     | Found Qydec's Distillery.
 21545 | D:13     | Found Diponad's Weapon Emporium.
 21547 | D:13     | Found Guduprex's Antique Weapon Boutique.
 21553 | D:13     | 21553 ||| BUYING 2 potions of curing (72 gold).
 21553 | D:13     | Bought 2 potions of curing for 72 gold pieces
 21553 | D:13     | 21553 ||| BUYING potion of curing (36 gold).
 21553 | D:13     | Bought a potion of curing for 36 gold pieces
 21553 | D:13     | 21553 ||| BUYING potion of haste (120 gold).
 21553 | D:13     | Bought a potion of haste for 120 gold pieces
 21553 | D:13     | 21553 ||| BUYING potion of might (48 gold).
 21553 | D:13     | Bought a potion of might for 48 gold pieces
 21553 | D:13     | 21553 ||| BUYING potion of mutation (96 gold).
 21553 | D:13     | Bought a potion of mutation for 96 gold pieces
 21553 | D:13     | 21553 ||| BUYING potion of mutation (96 gold).
 21553 | D:13     | Bought a potion of mutation for 96 gold pieces
 21652 | D:13     | 21652 ||| Stepping ~*~*~tactically~*~*~ (hiding).
 21653 | D:13     | 21653 ||| Stepping ~*~*~tactically~*~*~ (hiding).
 21664 | D:13     | Reached XP level 15. HP: 152/152 MP: 14/14
 21832 | D:13     | 21832 ||| DROPPING amulet of magic regeneration.
 21885 | D:14     | 21885 ||| Stepping ~*~*~tactically~*~*~ (stealth).
 21931 | D:14     | 21931 ||| SWAPPING to +2 war axe of flaming.
 21939 | D:14     | 21939 ||| SWAPPING to +2 broad axe of electrocution.
 21998 | D:14     | 21998 ||| Stepping ~*~*~tactically~*~*~ (cloud).
 21999 | D:14     | 21999 ||| Stepping ~*~*~tactically~*~*~ (cloud).
 22006 | D:14     | 22006 ||| Stepping ~*~*~tactically~*~*~ (cloud).
 22216 | D:14     | 22216 ||| READING 7 scrolls of teleportation.
 22220 | D:14     | 22220 ||| INVOKING Trog's Hand.
 22371 | D:14     | Found a basalt altar of Yredelemnul.
 22386 | D:15     | Entered Level 15 of the Dungeon
 22465 | D:15     | Found an iron altar of Okawaru.
 22614 | D:15     | 22614 ||| INVOKING Brothers in Arms.
 22616 | D:15     | 22616 ||| INVOKING Berserk.
 22749 | D:15     | 22749 ||| INVOKING Berserk.
 22752 | D:15     | Received a gift from Trog
 22898 | D:15     | Found a shimmering altar of Xom.
 22898 | D:15     | Found a shimmering altar of Xom.
 22898 | D:15     | Found a shimmering altar of Xom.
 22899 | D:15     | Found a shimmering altar of Xom.
 22899 | D:15     | Found a shimmering altar of Xom.
 22899 | D:15     | Found a shimmering altar of Xom.
 22900 | D:15     | Found a shimmering altar of Xom.
 22901 | D:15     | Found a shimmering altar of Xom.
 22915 | D:15     | 22915 ||| FLEEEEING.
 22922 | D:15     | 22922 ||| FLEEEEING.
 22923 | D:15     | 22923 ||| FLEEEEING.
 22926 | D:15     | 22926 ||| FLEEEEING.
 22929 | D:15     | 22929 ||| STAIRDANCE
 22960 | D:15     | 22960 ||| STAIRDANCE
 22981 | D:15     | 22981 ||| Stepping ~*~*~tactically~*~*~ (stealth).
 23188 | D:15     | 23188 ||| Stepping ~*~*~tactically~*~*~ (stealth).
 23190 | D:15     | 23190 ||| FLEEEEING.
 23191 | D:15     | 23191 ||| FLEEEEING.
 23192 | D:15     | 23192 ||| FLEEEEING.
 23193 | D:15     | 23193 ||| FLEEEEING.
 23194 | D:15     | 23194 ||| FLEEEEING.
 23195 | D:15     | 23195 ||| FLEEEEING.
 23196 | D:15     | 23196 ||| FLEEEEING.
 23197 | D:15     | 23197 ||| FLEEEEING.
 23198 | D:15     | 23198 ||| FLEEEEING.
 23199 | D:15     | 23199 ||| FLEEEEING.
 23407 | D:15     | 23407 ||| INVOKING Trog's Hand.
 23415 | D:15     | Reached skill level 18 in Axes
 23448 | D:15     | 23448 ||| INVOKING Berserk.
 23576 | D:15     | Found a staircase to the Depths.
 23735 | D:15     | Found Taeddene's Antique Weapon Shoppe.
 23910 | D:14     | 23910 ||| READING 6 scrolls of teleportation.
 23911 | D:14     | 23911 ||| PLANNING ORC
 24001 | Orc:1    | Entered Level 1 of the Orcish Mines
 24003 | Orc:1    | Noticed an orc warlord
 24012 | Orc:1    | 24012 ||| INVOKING Berserk.
 24016 | Orc:1    | Reached skill level 12 in Shields
 24026 | Orc:1    | Killed an orc warlord
 24221 | Orc:1    | 24221 ||| Stepping ~*~*~tactically~*~*~ (hiding).
 24305 | Orc:1    | 24305 ||| Stepping ~*~*~tactically~*~*~ (hiding).
 24306 | Orc:1    | 24306 ||| Stepping ~*~*~tactically~*~*~ (hiding).
 24314 | Orc:1    | 24314 ||| Stepping ~*~*~tactically~*~*~ (hiding).
 24479 | Orc:1    | 24479 ||| Stepping ~*~*~tactically~*~*~ (stealth).
 24480 | Orc:1    | 24480 ||| Stepping ~*~*~tactically~*~*~ (stealth).
 24489 | Orc:1    | 24489 ||| Stepping ~*~*~tactically~*~*~ (stealth).
 24496 | Orc:1    | 24496 ||| Stepping ~*~*~tactically~*~*~ (stealth).
 24498 | Orc:1    | 24498 ||| Stepping ~*~*~tactically~*~*~ (hiding).
 24543 | Orc:1    | 24543 ||| Stepping ~*~*~tactically~*~*~ (stealth).
 24545 | Orc:1    | 24545 ||| Stepping ~*~*~tactically~*~*~ (hiding).
 24640 | Orc:1    | 24640 ||| Stepping ~*~*~tactically~*~*~ (stealth).
 24645 | Orc:1    | 24645 ||| INVOKING Trog's Hand.
 24648 | Orc:1    | 24648 ||| INVOKING Berserk.
 24877 | Orc:1    | 24877 ||| Stepping ~*~*~tactically~*~*~ (stealth).
 24878 | Orc:1    | 24878 ||| Stepping ~*~*~tactically~*~*~ (stealth).
 24886 | Orc:1    | 24886 ||| Stepping ~*~*~tactically~*~*~ (stealth).
 24892 | Orc:1    | 24892 ||| Stepping ~*~*~tactically~*~*~ (stealth).
 24960 | Orc:1    | 24960 ||| Stepping ~*~*~tactically~*~*~ (stealth).
 24964 | Orc:1    | 24964 ||| Stepping ~*~*~tactically~*~*~ (stealth).
 24966 | Orc:1    | 24966 ||| Stepping ~*~*~tactically~*~*~ (hiding).
 24972 | Orc:1    | 24972 ||| Stepping ~*~*~tactically~*~*~ (stealth).
 24983 | Orc:1    | 24983 ||| Stepping ~*~*~tactically~*~*~ (stealth).
 24985 | Orc:1    | 24985 ||| Stepping ~*~*~tactically~*~*~ (hiding).
 24994 | Orc:1    | 24994 ||| INVOKING Berserk.
 25199 | Orc:1    | 25199 ||| DROPPING +0 fire dragon scales.
 25210 | Orc:2    | Entered Level 2 of the Orcish Mines
 25240 | Orc:2    | 25240 ||| INVOKING Trog's Hand.
 25246 | Orc:2    | 25246 ||| INVOKING Berserk.
 25269 | Orc:2    | 25269 ||| INVOKING Brothers in Arms.
 25270 | Orc:2    | 25270 ||| INVOKING Brothers in Arms.
 25469 | Orc:2    | 25469 ||| Stepping ~*~*~tactically~*~*~ (stealth).
 25470 | Orc:2    | 25470 ||| Stepping ~*~*~tactically~*~*~ (stealth).
 25471 | Orc:2    | 25471 ||| Stepping ~*~*~tactically~*~*~ (stealth).
 25472 | Orc:2    | 25472 ||| Stepping ~*~*~tactically~*~*~ (stealth).
 25473 | Orc:2    | 25473 ||| Stepping ~*~*~tactically~*~*~ (stealth).
 25474 | Orc:2    | 25474 ||| Stepping ~*~*~tactically~*~*~ (stealth).
 25490 | Orc:2    | 25490 ||| Stepping ~*~*~tactically~*~*~ (stealth).
 25492 | Orc:2    | 25492 ||| Stepping ~*~*~tactically~*~*~ (stealth).
 25507 | Orc:2    | 25507 ||| Stepping ~*~*~tactically~*~*~ (stealth).
 25509 | Orc:2    | 25509 ||| Stepping ~*~*~tactically~*~*~ (hiding).
 25510 | Orc:2    | 25510 ||| Stepping ~*~*~tactically~*~*~ (hiding).
 25511 | Orc:2    | 25511 ||| Stepping ~*~*~tactically~*~*~ (hiding).
 25514 | Orc:2    | 25514 ||| Stepping ~*~*~tactically~*~*~ (hiding).
 25515 | Orc:2    | 25515 ||| Stepping ~*~*~tactically~*~*~ (hiding).
 25517 | Orc:2    | 25517 ||| Stepping ~*~*~tactically~*~*~ (hiding).
 25518 | Orc:2    | 25518 ||| Stepping ~*~*~tactically~*~*~ (hiding).
 25520 | Orc:2    | 25520 ||| INVOKING Trog's Hand.
 25521 | Orc:2    | 25521 ||| INVOKING Berserk.
 25543 | Orc:2    | 25543 ||| INVOKING Brothers in Arms.
 25553 | Orc:2    | Found Yfe Xunt's Magic Scroll Emporium.
 25553 | Orc:2    | Found Wauwix's Magic Scroll Boutique.
 25553 | Orc:2    | Found Juny's Magic Scroll Shop.
 25553 | Orc:2    | Found Finolar's Book Emporium.
 25556 | Orc:2    | Reached XP level 16. HP: 126/160 MP: 15/15
 25556 | Orc:2    | Received a gift from Trog
 25562 | Orc:2    | Reached skill level 15 in Shields
 25562 | Orc:2    | 25562 ||| INVOKING Trog's Hand.
 25679 | Orc:2    | 25679 ||| BUYING scroll of enchant armour (90 gold).
 25679 | Orc:2    | Bought a scroll of enchant armour for 90 gold pieces
 25679 | Orc:2    | 25679 ||| READING scroll of enchant armour.
 25679 | Orc:2    | 25679 ||| ENCHANTING +0 pair of boots.
 25681 | Orc:2    | 25681 ||| BUYING scroll of teleportation (36 gold).
 25681 | Orc:2    | Bought a scroll of teleportation for 36 gold pieces
 25727 | Orc:2    | 25727 ||| Stepping ~*~*~tactically~*~*~ (stealth).
 25735 | Orc:2    | Found a staircase to the Elven Halls.
 26008 | Orc:2    | 26008 ||| Stepping ~*~*~tactically~*~*~ (hiding).
 26096 | Orc:2    | 26096 ||| PLANNING SPIDER:1-3
 26262 | Spider:1 | Entered Level 1 of the Spider Nest
 26271 | Spider:1 | 26271 ||| DRINKING 18 potions of curing.
 26271 | Spider:1 | 26271 ||| (to cure confusion)
 26279 | Spider:1 | Noticed Asterion
 26280 | Spider:1 | 26280 ||| INVOKING Brothers in Arms.
 26287 | Spider:1 | 26287 ||| INVOKING Berserk.
 26291 | Spider:1 | Noticed an Executioner
 26295 | Spider:1 | Killed Asterion
 26351 | Spider:1 | 26351 ||| INVOKING Brothers in Arms.
 26404 | Spider:1 | 26404 ||| Stepping ~*~*~tactically~*~*~ (stealth).
 26405 | Spider:1 | 26405 ||| Stepping ~*~*~tactically~*~*~ (stealth).
 26406 | Spider:1 | 26406 ||| Stepping ~*~*~tactically~*~*~ (stealth).
 26482 | Spider:1 | 26482 ||| Stepping ~*~*~tactically~*~*~ (stealth).
 26483 | Spider:1 | 26483 ||| Stepping ~*~*~tactically~*~*~ (stealth).
 26531 | Spider:1 | 26531 ||| Stepping ~*~*~tactically~*~*~ (stealth).
 26686 | Spider:1 | 26686 ||| Stepping ~*~*~tactically~*~*~ (hiding).
 26805 | Spider:1 | 26805 ||| DROPPING +4 ring of protection.
 26806 | Spider:1 | 26806 ||| READING 13 scrolls of identify.
 26806 | Spider:1 | 26806 ||| IDENTIFYING amethyst potion
 26849 | Spider:2 | 26849 ||| Stepping ~*~*~tactically~*~*~ (hiding).
 26850 | Spider:2 | 26850 ||| Stepping ~*~*~tactically~*~*~ (hiding).
 26932 | Spider:2 | 26932 ||| INVOKING Brothers in Arms.
 26942 | Spider:2 | 26942 ||| INVOKING Brothers in Arms.
 26943 | Spider:2 | 26943 ||| INVOKING Brothers in Arms.
 26944 | Spider:2 | 26944 ||| INVOKING Brothers in Arms.
 26945 | Spider:2 | 26945 ||| INVOKING Berserk.
 26963 | Spider:2 | Noticed Nikola
 26967 | Spider:2 | 26967 ||| INVOKING Brothers in Arms.
 26967 | Spider:2 | HP: 37/160 [Nikola/bolt of lightning (13)]
 26968 | Spider:2 | 26968 ||| READING 6 scrolls of teleportation.
 26969 | Spider:2 | 26969 ||| DRINKING 2 potions of heal wounds.
 26978 | Spider:2 | HP: 39/160 [entropy weaver (3)]
 26979 | Spider:2 | 26979 ||| READING 5 scrolls of teleportation.
 26980 | Spider:2 | 26980 ||| DRINKING potion of heal wounds.
 26981 | Spider:2 | 26981 ||| INVOKING Berserk.
 27001 | Spider:2 | 27001 ||| INVOKING Brothers in Arms.
 27010 | Spider:2 | 27010 ||| INVOKING Brothers in Arms.
 27012 | Spider:2 | HP: 26/160 [broodmother (18)]
 27013 | Spider:2 | 27013 ||| READING 4 scrolls of teleportation.
 27030 | Spider:2 | 27030 ||| READING 3 scrolls of teleportation.
 27033 | Spider:2 | HP: 40/160 [culicivora (1)]
 27039 | Spider:2 | 27039 ||| INVOKING Berserk.
 27144 | Spider:2 | 27144 ||| Invisible monster not found???
 27168 | Spider:2 | 27168 ||| Stepping randomly (disturbance).
 27169 | Spider:2 | 27169 ||| Stepping randomly (disturbance).
 27170 | Spider:2 | 27170 ||| Stepping randomly (disturbance).
 27274 | Spider:2 | 27274 ||| Stepping ~*~*~tactically~*~*~ (stealth).
 27275 | Spider:2 | 27275 ||| Stepping ~*~*~tactically~*~*~ (stealth).
 27288 | Spider:2 | 27288 ||| INVOKING Berserk.
 27304 | Spider:2 | Killed Nikola
 27387 | Spider:2 | 27387 ||| READING scroll of enchant armour.
 27387 | Spider:2 | 27387 ||| ENCHANTING +1 pair of boots.
 27600 | Spider:2 | 27600 ||| DROPPING amulet of faith.
 27685 | Spider:3 | 27685 ||| INVOKING Berserk.
 27827 | Spider:3 | 27827 ||| Stepping ~*~*~tactically~*~*~ (stealth).
 27879 | Spider:3 | 27879 ||| Stepping randomly (disturbance).
 27883 | Spider:3 | 27883 ||| FLEEEEING.
 27890 | Spider:3 | 27890 ||| Stepping ~*~*~tactically~*~*~ (stealth).
 27891 | Spider:3 | 27891 ||| Stepping ~*~*~tactically~*~*~ (hiding).
 27892 | Spider:3 | 27892 ||| Stepping ~*~*~tactically~*~*~ (stealth).
 27902 | Spider:3 | 27902 ||| INVOKING Berserk.
 27916 | Spider:3 | 27916 ||| INVOKING Brothers in Arms.
 27924 | Spider:3 | 27924 ||| INVOKING Brothers in Arms.
 27925 | Spider:3 | 27925 ||| INVOKING Brothers in Arms.
 27933 | Spider:3 | 27933 ||| INVOKING Brothers in Arms.
 27937 | Spider:3 | Reached XP level 17. HP: 77/170 MP: 6/16
 27945 | Spider:3 | Reached skill level 20 in Fighting
 27952 | Spider:3 | 27952 ||| INVOKING Berserk.
 27962 | Spider:3 | 27962 ||| Stepping ~*~*~tactically~*~*~ (stealth).
 27963 | Spider:3 | 27963 ||| Stepping ~*~*~tactically~*~*~ (stealth).
 27984 | Spider:3 | HP: 38/170 [poisoned by an emperor scorpion]
 27985 | Spider:3 | 27985 ||| READING 2 scrolls of teleportation.
 27985 | Spider:3 | HP: 18/170 [emperor scorpion (5)]
 27986 | Spider:3 | HP: 3/170 [poisoned by an emperor scorpion]
 27987 | Spider:3 | Succumbed to an emperor scorpion's poison

Levels and vault maps discovered:
D:1:      lemuel_arrival_hallway, layout_loops_ring,
          shapermc_ecumenical_altar_ellora
D:2:      layout_loops_ring, uniq_sigmund
D:3:      layout_basic, serial_glass, glass_columns_b, glass_columns_a,
          due_unseen_surprise, feat_on_display, uniq_ijyb
D:4:      kennysheep_six_static_rooms, layout_loops_ring,
          nzn_wu_jian_council_hall, gammafunk_temple_overflow_statue,
          minmay_cut_off, uniq_pikel
D:5:      layout_rooms, cheibrodos_ashenzari_chains, wad_floor_pattern_1,
          uniq_blork_the_orc, uniq_prince_ribbit1
D:6:      layout_loops_ring, gup_sewer_entry_pipe, kennysheep_generic_room_2
D:7:      layout_cave_pods, nicolae_kikubaaqudgha_miasma_corner,
          minmay_temple_entry_grid, serial_shops,
          nicolae_shop_temple_entry_statues_fountains, lemuel_old_faithful,
          uniq_menkaure
D:8:      layout_gridville, uniq_joseph, uniq_grum
D:9:      layout_cave_pools, nicolae_gozag_seed_capital
D:10:     layout_long_grid, david_lair_shrubbed, orc_0_dummy,
          nicolae_elevator_lobby_asterisk
D:11:     layout_grid_maze, gauntlet_entry_generic, moated_statue
D:12:     layout_irregular_city
D:13:     layout_irregular_city, erik_vaults_2, nicolae_wooded_promenade,
          uniq_maurice
D:14:     layout_big_octagon, amcnicky_mini_pool_small,
          lemuel_zombie_altar_yredelemnul
D:15:     gammafunk_enter_depths_forms, layout_small_grid, serial_shops,
          shop_fountains, xom_redecorated, okawaru_altar_gauntlet_db
Lair:1:   layout_concentric_octagons, lemuel_fruit_fields,
          infiniplex_staircase_pool_2, lemuel_fruit_tree, uniq_fannar,
          uniq_maggie, uniq_gastronok
Lair:2:   layout_loops_ring, elwin_shoals_entry_stream,
          nicolae_spider_entry_orb_guardian, dreamdust_mushroom_princess,
          amcnicky_mini_pool_medium, serial_bayou_shore_b, grunt_megastairs_5,
          uniq_nergalle, uniq_sonja
Lair:3:   layout_cave_pods, ebering_ghost_inner_flame, ldierk_geyser
Lair:4:   nzn_winding_woodlands_cross [nzn_winding_woodlands_5x15_crooked,
          nzn_winding_woodlands_5x15_pool,
          nzn_winding_woodlands_5x15_concentric,
          nzn_winding_woodlands_5x15_default,
          nzn_winding_woodlands_15x15_killbox], layout_small_grid,
          slime_entry_1, lightli_volcano_entry_magma_tube
Lair:5:   hellmonk_lair_end_abyssal_woods, layout_loops_ring,
          chequers_serial_rivers_micro_c, lemuel_oklob_altar
Spider:1: layout_spider_delve, hangedman_spider_tarantella_strand, uniq_asterion
Spider:2: layout_spider_delve, drop_trap, nicolae_spider_circle_web,
          spiders_nest_hornet_nest, uniq_nikola
Spider:3: layout_spider_delve, nicolae_spider_some_kinda_spiderbox, uniq_mara
Orc:1:    layout_diamond_mine, basic_altar
Orc:2:    st_orc_ogre_mass, layout_caves, statue_in_the_mist_lemuel

Skill      XL: |  1  2  3  4  5  6  7  8  9 10 11 12 13 14 15 16 17 |
---------------+----------------------------------------------------+-----
Axes           | 4 5 7 9 10 12 14 16 18 | 18.0
Fighting       | 4 6 7 8 10 12 15 18 19 20 | 20.0
Armour         | 3 5 8 11 12 14 15 16 | 16.0
Throwing       | 1 3 4 |  4.2
Dodging        | 3 4 7 8 9 11 | 11.0
Shields        | 10 14 17 | 17.2

Action                   |  1- 3 |  4- 6 |  7- 9 | 10-12 | 13-15 | 16-18 || total
-------------------------+-------+-------+-------+-------+-------+-------++-------
Melee: Hand axe          |    96 |    94 |    34 |       |       |       ||   224
       Headbutt          |     7 |    11 |    50 |   107 |   251 |   103 ||   529
       Punch             |     1 |       |     2 |     1 |     3 |       ||     7
       War axe           |       |       |   191 |   436 |   485 |       ||  1112
       Broad axe         |       |       |       |       |   496 |   353 ||   849
Throw: Boomerang         |       |       |    19 |    30 |    28 |    15 ||    92
Invok: Berserk           |     1 |     7 |    11 |    15 |    32 |     8 ||    74
       Brothers in Arms  |       |       |       |     1 |     5 |    10 ||    16
       Trog's Hand       |       |       |       |       |     5 |     1 ||     6
  Use: Scroll            |     4 |     7 |     5 |    11 |     7 |     8 ||    42
       Potion            |       |     2 |     1 |       |       |     3 ||     6
 Stab: Distracted        |       |       |       |       |     2 |       ||     2
Armor: Animal skin       |    12 |       |       |       |       |       ||    12
       Ring mail         |    15 |     6 |       |       |       |       ||    21
       Scale mail        |       |    25 |     6 |       |       |       ||    31
       Chain mail        |       |       |    56 |    60 |   351 |   232 ||   699
       Fire dragon scale |       |       |    25 |       |       |       ||    25
       Plate armour      |       |       |     4 |   118 |       |       ||   122
Dodge: Dodged            |    58 |    30 |   113 |   228 |   506 |   374 ||  1309
Block: Kite shield       |       |       |       |       |   259 |   362 ||   621

Table legend:
 A = Non-vault XP
 B = Vault XP
 C = Vault XP percentage of total XP
 D = Non-vault monster count
 E = Vault monster count
 F = Vault count percentage of total count
                 A         B        C        D         E       F
            +---------+---------+-------+---------+---------+-------
      Total |  146569 |   74144 |  33.6 |     640 |     179 |  21.9
            +---------+---------+-------+---------+---------+-------
        D:1 |      31 |       0 |   0.0 |      19 |       0 |   0.0
        D:2 |      56 |     239 |  81.0 |      17 |       1 |   5.6
        D:3 |      28 |      36 |  56.2 |      16 |       1 |   5.9
        D:4 |     227 |     923 |  80.3 |      21 |      10 |  32.3
        D:5 |     602 |     370 |  38.1 |      17 |       2 |  10.5
        D:6 |    1521 |     103 |   6.3 |      15 |      11 |  42.3
        D:7 |    1187 |     172 |  12.7 |      23 |       1 |   4.2
        D:8 |     999 |     897 |  47.3 |      14 |       4 |  22.2
        D:9 |    2779 |       0 |   0.0 |      20 |       0 |   0.0
       D:10 |    3153 |     400 |  11.3 |      17 |       1 |   5.6
       D:11 |    4799 |       0 |   0.0 |      22 |       0 |   0.0
       D:12 |    5919 |       0 |   0.0 |      19 |       0 |   0.0
       D:13 |    8509 |    7441 |  46.7 |      18 |       9 |  33.3
       D:14 |   10490 |     961 |   8.4 |      22 |       2 |   8.3
       D:15 |   11651 |    5804 |  33.3 |      30 |      14 |  31.8
     Lair:1 |    8309 |    2690 |  24.5 |      26 |       3 |  10.3
     Lair:2 |    4112 |    5040 |  55.1 |      20 |      11 |  35.5
     Lair:3 |    4434 |       0 |   0.0 |      17 |       0 |   0.0
     Lair:4 |    9820 |    7661 |  43.8 |      27 |      16 |  37.2
     Lair:5 |   11188 |   10256 |  47.8 |      40 |      34 |  45.9
   Spider:1 |   16353 |    1921 |  10.5 |      57 |       2 |   3.4
   Spider:2 |   25298 |    2172 |   7.9 |      57 |       1 |   1.7
   Spider:3 |    6080 |    9082 |  59.9 |      14 |      13 |  48.1
      Orc:1 |    6283 |       0 |   0.0 |      70 |       0 |   0.0
      Orc:2 |    2741 |   17976 |  86.8 |      22 |      43 |  66.2
            +---------+---------+-------+---------+---------+-------
